 Dungeon Crawl Stone Soup version 0.17-a0-1368-g6ab37f2 (webtiles) character file.

786 Kisielow the Chopper (level 7, -2/62 HPs)
             Began as a Hill Orc Fighter on June 12, 2015.
             Slain by an ogre
             ... wielding a +0 giant spiked club
              (23 damage)
             ... on level 5 of the Dungeon.
             The game lasted 00:08:47 (3622 turns).

Kisielow the Chopper (Hill Orc Fighter)             Turns: 3622, Time: 00:08:48

Health: -2/62      AC: 11    Str: 21    XL:     7   Next: 86%
Magic:  7/7        EV:  7    Int:  8    God:
Gold:   268        SH: 11    Dex: 10    Spells: 0 memorised, 6 levels left

rFire  . . .     SeeInvis .     a - +1 war axe
rCold  . . .     Clarity  .     b - +0 scale mail
rNeg   . . .     SustAt   .     c - +1 shield
rPois  .         Gourm    .     j - +0 helmet
rElec  .         Spirit   .     r - +0 cloak
rCorr  .         Warding  .     (no gloves)
rMut   .         Stasis   .     h - +0 pair of boots {Stlth+}
MR     .....                    k - amulet of faith
Stlth  +.........               (no ring)
                                (no ring)

@: not resistant to hostile enchantments, very unstealthy
A: no striking features
a: no special abilities


You were on level 5 of the Dungeon.
You were very hungry.

You visited 1 branch of the dungeon, and saw 5 of its levels.

You collected 268 gold pieces.

Inventory:

Hand weapons
 a - a +1 war axe (weapon)
Armour
 b - a +0 scale mail (worn)
 c - a +1 shield (worn)
 h - a +0 pair of boots of stealth (worn)
 j - a +0 helmet (worn)
 r - a +0 cloak (worn)
Jewellery
 k - an amulet of faith (around neck)
Scrolls
 i - 3 scrolls of remove curse
 l - a scroll of fog
 n - 2 scrolls of identify
 p - a scroll of enchant weapon
 s - 3 scrolls of magic mapping {unknown}
 t - a scroll of immolation {unknown}
 v - a scroll of teleportation
Potions
 d - a potion of degeneration {unknown}
 g - 5 potions of agility {unknown}
 m - 2 potions of curing
 o - a potion of ambrosia {unknown}
 q - a potion of brilliance {unknown}
 u - 2 potions of poison {unknown}
Comestibles
 e - a bread ration
 f - 2 meat rations


   Skills:
 + Level 5.9 Fighting
 + Level 7.4 Axes
 + Level 5.1 Armour
 + Level 5.3 Shields


You had 6 spell levels left.
You didn't know any spells.

Dungeon Overview and Level Annotations

Branches:
Dungeon (5/15)
 Temple: D:4-7

Altars:
Ashenzari
Makhleb
Ru
Vehumet


Message History

The ogre is lightly wounded.
The ogre barely misses you. The jelly hits you but does no damage.
A kobold comes into view. It is wielding a whip.
You slice the jelly!!
You kill the jelly!
You hit the ogre.
The ogre is moderately wounded.
The ogre hits you with a giant spiked club!
You hit the ogre.
The ogre is moderately wounded.
You hit the ogre but do no damage. The ogre hits you with a giant club!
The ogre hits you with a giant spiked club!
You hit the ogre.
The ogre is heavily wounded.
You hit the ogre.
The ogre is moderately wounded.
You are feeling very hungry.
The ogre hits you but does no damage.
The ogre hits you with a giant spiked club!!
You die...

## .# . ####
.## .. ..?
..#.##.
##.####O..o...
#..<.†@O.K....
##.#.##.......
#.#.# .......
#.#.# .......
#.#.# .......
#.#.# .......
..#.# .......
###.# ....$..


You could see 2 ogres, an orc (wandering) and a kobold.

Vanquished Creatures
  Grinder (D:4)
  2 ogres (D:4)
  The ghost of Geomchi the Insei, an average OpMo (D:3)
  A hound (D:4)
  A jelly (D:5)
  A crimson imp (D:4)
  2 orc priests (D:4)
  An orc wizard (D:4)
  A worker ant (D:4)
  6 adders
  An adder skeleton (D:4)
  3 giant geckos
  6 orcs
  6 bats
  3 giant cockroaches
  3 goblins
  8 hobgoblins
  13 jackals
  10 kobolds
  2 quokkas (D:2)
  A ball python (D:2)
  A giant gecko skeleton (D:4)
  3 giant newts
  A jackal skeleton (D:4)
  15 rats
93 creatures vanquished.

Notes
Turn   | Place    | Note
--------------------------------------------------------------
     0 | D:1      | Kisielow the Hill Orc Fighter began the quest for the Orb.
     0 | D:1      | Reached XP level 1. HP: 19/19 MP: 1/1
   109 | D:1      | You fall through a shaft!
   118 | D:1      | Reached XP level 2. HP: 15/26 MP: 2/2
   272 | D:1      | Reached skill level 4 in Axes
   493 | D:1      | Reached XP level 3. HP: 27/31 MP: 3/3
  1007 | D:2      | Reached skill level 5 in Axes
  1072 | D:2      | Reached XP level 4. HP: 6/39 MP: 4/4
  1740 | D:2      | Found a sacrificial altar of Ru.
  2029 | D:3      | Noticed Geomchi's ghost (average OpMo)
  2038 | D:3      | Killed Geomchi's ghost
  2038 | D:3      | Reached skill level 6 in Axes
  2038 | D:3      | Reached XP level 5. HP: 40/46 MP: 5/5
  2593 | D:4      | Reached XP level 6. HP: 43/53 MP: 6/6
  2627 | D:4      | Noticed Grinder
  2645 | D:4      | Paralysed by Grinder for 3 turns
  2656 | D:4      | Killed Grinder
  2656 | D:4      | Reached skill level 5 in Fighting
  2656 | D:4      | Reached XP level 7. HP: 29/61 MP: 7/7
  3068 | D:4      | Noticed an ogre
  3074 | D:4      | Killed an ogre
  3074 | D:4      | Reached skill level 7 in Axes
  3113 | D:4      | Reached skill level 5 in Shields
  3254 | D:4      | Noticed an ogre
  3263 | D:4      | Killed an ogre
  3263 | D:4      | Reached skill level 5 in Armour
  3363 | D:4      | Found a shattered altar of Ashenzari.
  3410 | D:4      | Found a radiant altar of Vehumet.
  3411 | D:4      | Found a burning altar of Makhleb.
  3614 | D:5      | Entered Level 5 of the Dungeon
  3622 | D:5      | Slain by an ogre

Vault maps used:
D:1:      minmay_arrival_three_doors
D:2:      nicolae_ru_path_of_blood
D:3:      patterned_corridor
D:4:      grunt_temple_overflow_lords_of_destruction, lemuel_statue_altar,
          uniq_grinder
D:5:      first_bread

Action                   |  1- 3 |  4- 6 |  7- 9 || total
-------------------------+-------+-------+-------++-------
Melee: War axe           |   123 |   103 |    47 ||   273
  Use: Scroll            |       |     8 |       ||     8
       Potion            |       |     1 |       ||     1
  Eat: Chunk             |     1 |     4 |     3 ||     8
